 Dungeon Crawl Stone Soup version 0.20.1-1-g8b1a95d (webtiles) character file.

179632 ReteAZ the Black Belt (level 18, -15/124 HPs)
             Began as an Octopode Transmuter on Aug 12, 2017.
             Was the Champion of Cheibriados.
             Demolished by an eight-headed hydra (16 damage)
             ... on level 4 of the Swamp on Aug 13, 2017.
             The game lasted 02:54:01 (43065 turns).

ReteAZ the Black Belt (Octopode Transmuter)        Turns: 43065, Time: 02:54:02

Health: -15/124    AC: 10    Str: 28    XL:     18   Next: 24%
Magic:  36/36      EV: 37    Int: 36    God:    Cheibriados [******]
Gold:   2288       SH:  9    Dex: 36    Spells: 20/29 levels left

rFire    + . .     SeeInvis +     - Unarmed
rCold    . . .     Gourm    .   M - +0 buckler
rNeg     . . .     Faith    +   q - +2 hat {SInv}
rPois    +         Spirit   .   Y - amulet of faith
rElec    +         Reflect  .   o - ring of poison resistance
rCorr    .         Harm     .   t - ring of protection from fire
MR       ++...                  P - ring of Zavaff {Ice rElec MP+9}
Stlth    ++++++....             d - ring "Ocvia" {AC+5 Str+2}
Regen    0.3/turn               I - +3 ring of intelligence
MPRegen  0.3/turn               r - ring of fire
                                T - ring of protection from magic
                                l - +2 ring of protection

@: agile, very slightly contaminated, very slow
A: almost no armour, stealthy swim, amphibious, 8 rings, constrict 8, camouflage
1, gelatinous body 1
a: Bend Time, Temporal Distortion, Slouch, Step From Time, Renounce Religion


You were on level 4 of the Swamp.
You worshipped Cheibriados.
Cheibriados was exalted by your worship.
You were not hungry.

You visited 5 branches of the dungeon, and saw 28 of its levels.
You also visited: Labyrinth.

You collected 2670 gold pieces.
You spent 382 gold pieces at shops.

Inventory:

Missiles
 j - 5 silver javelins
 B - a throwing net
 K - 5 tomahawks of returning
 S - 3 javelins (quivered)
Armour
 q - a +2 hat of see invisible (worn)
 M - a +0 buckler (worn)
Jewellery
 d - the ring "Ocvia" (on tentacle) {AC+5 Str+2}
   (You took it off a minotaur in a labyrinth)

   [ring of protection]

   It affects your AC (+5).
   It affects your strength (+2).
 l - a +2 ring of protection (on tentacle)
 o - a ring of poison resistance (left tentacle)
 r - a ring of fire (on tentacle)
 t - a ring of protection from fire (right tentacle)
 I - a +3 ring of intelligence (on tentacle)
 P - the ring of Zavaff (on tentacle) {Ice rElec MP+9}
   (You acquired it on level 1 of the Swamp)

   [ring of ice]

   It enhances your ice magic.
   It makes you vulnerable to fire.
   It protects you from cold.
   It insulates you from electricity.
   It affects your magic capacity (+9).
 T - a ring of protection from magic (on tentacle)
 Y - an amulet of faith (around mantle)
Wands
 a - a wand of acid (2/15)
 f - a wand of iceblast (10/15)
 m - a wand of lightning (6/15)
 p - a wand of paralysis (10/24)
 w - a wand of digging (6/24)
 A - a wand of disintegration (5/24)
 H - a wand of lightning (5/15)
 U - a wand of paralysis (7/24)
Scrolls
 e - 5 scrolls of teleportation
 g - 3 scrolls of magic mapping
 k - 8 scrolls of remove curse
 s - 2 scrolls of identify
 y - 6 scrolls of recharging
 E - a scroll of amnesia
 J - 2 scrolls of silence
 N - 2 scrolls of enchant weapon
 R - 2 scrolls of enchant armour
 V - a scroll of fog
Potions
 h - 4 potions of flight
 n - 8 potions of brilliance
 u - a potion of cancellation
 x - 3 potions of resistance
 D - 2 potions of ambrosia
 L - 2 potions of might
 O - a potion of agility
 X - 4 potions of curing
 Z - a potion of magic
Books
 b - a book of Changes

   Spells                             Type                      Level
   a - Beastly Appendage              Transmutation                1
   b - Sticks to Snakes               Transmutation                2
   c - Spider Form                    Transmutation/Poison         3
   d - Ice Form                       Ice/Transmutation            4
   e - Blade Hands                    Transmutation                5
Miscellaneous
 z - a crystal ball of energy
 Q - a sack of spiders
Comestibles
 c - 10 bread rations
 i - 25 royal jellies
 v - 10 meat rations
 G - 6 fruits


   Skills:
 + Level 11.0 Fighting
 - Level 14.3 Dodging
 * Level 9.2 Shields
 - Level 18.4 Unarmed Combat
 - Level 6.2 Spellcasting
 - Level 10.5 Transmutations
 - Level 12.2 Invocations
 - Level 6.0 Evocations


You had 20 spell levels left.
You knew the following spells:

 Your Spells              Type           Power        Failure   Level  Hunger
a - Beastly Appendage     Tmut           ######       1%          1    None
b - Spider Form           Tmut/Pois      #####.....   1%          3    None
c - Blade Hands           Tmut           ######....   1%          5    ####...


Dungeon Overview and Level Annotations

Branches:
Dungeon (15/15)            Temple (1/1) D:5            Lair (6/6) D:11
  Swamp (4/4) Lair:2       Spider (0/4) Lair:2        Slime (0/5) Lair:5
    Orc (2/2) D:12            Elf (0/3) Orc:2        Vaults (0/5) D:13
 Depths (0/5) D:15

Altars:
Ashenzari
Cheibriados
Dithmenos
Elyvilon
Gozag
Hepliaklqana
Kikubaaqudgha
Makhleb
Nemelex Xobeh
Okawaru
Qazlal
Ru
Sif Muna
Trog
Uskayaw
Vehumet
Xom
Yredelemnul
Zin
The Shining One

Shops:
D:7 ?   D:11 *   Orc:2 ((!}

Annotations:
D:3 Grinder, Terence
Swamp:1 exclusion: Roxanne, Roxanne
Swamp:4 Bai Suzhen, Mara


Innate Abilities, Weirdness & Mutations

You cannot wear most types of armour.
You are very stealthy in the water. (Stealth+)
You are amphibious.
You can wear up to eight rings at the same time.
You can use your tentacles to constrict eight enemies at once.
Your skin changes colour to match your surroundings (Stealth+).
Your rubbery body absorbs attacks. (AC +1, EV +1)


Message History

The swamp drake is almost dead.
The alligator completely misses you. x2; The swamp drake completely misses you.
You batter the swamp drake!!
You kill the swamp drake!
Cheibriados thoroughly appreciates the change of pace.
The alligator completely misses you. x2
A swamp worm comes into view.
Okay, then.
As you read the scroll of fog, it crumbles to dust.
The scroll dissolves into smoke.
The eight-headed hydra bites you.
* * * LOW HITPOINT WARNING * * *
You block the eight-headed hydra's attack.
The eight-headed hydra completely misses you.
You block the eight-headed hydra's attack.
The eight-headed hydra closely misses you.
The eight-headed hydra completely misses you.
The eight-headed hydra bites you!
* * * LOW HITPOINT WARNING * * *
The eight-headed hydra bites you!
You die...

.≈.§≈≈ .≈ ♣.w≈≈. .
♣♣.≈≈≈.♣♣♣.
♣..≈≈≈≈....♣ ♣♣
♣≈≈≈≈≈≈≈≈≈≈.♣♣♣
♣♣≈♣♣♣§≈≈≈≈≈≈≈≈≈≈≈...
♣♣≈≈§§§§≈≈D≈≈≈≈.††≈.≈≈
♣...t@D♣ ♣≈≈...<≈≈≈
♣≈..§§§♣ ♣♣♣♣♣≈..≈.
♣§.≈≈≈≈♣ ♣.[.♣♣≈
♣≈≈.≈≈≈. ♣♣♣(≈≈.♣
♣≈..≈≈≈≈♣ ♣♣≈♣.≈≈≈♣
♣♣♣.≈D≈♣♣.≈♣♣..≈.≈§♣♣
≈.≈.≈♣.≈≈.....≈≈.♣
♣.≈≈t≈.F≈..≈≈♣<≈.♣♣
....≈.♣w..♣


You could see 2 alligators, an eight-headed hydra and a swamp dragon.

Vanquished Creatures
  Jorgrun (Swamp:2)
  Gastronok (Orc:1)
  Kirke (D:15)
  A stone giant (Orc:2)
  2 entropy weavers (Lair:5)
  6 dire elephants (Lair:6)
  Azrael (D:15)
  An ettin (D:15)
  A minotaur (Lab)
  A fire dragon (D:12)
  23 hydras
  5 vault guards (D:13)
  A ghost crab (Swamp:2)
  A death knight (D:15)
  4 death yaks (Lair:6)
  7 centaur warriors
  21 two-headed ogres
  8 alligators
  An anaconda (Lair:6)
  4 tengu warriors
  A queen ant (Lair:5)
  The ghost of SirMumm the Destroyer, a journeyman GrWz of Okawaru (D:11)
  4 ogre magi
  An orc high priest (Orc:2)
  Urug (D:15)
  Nergalle (D:12)
  A skeletal warrior (D:15)
  A sea snake (shapeshifter) (D:15)
  8 unseen horrors
  4 swamp dragons
  A spriggan druid (Swamp:2)
  A deep elf archer (D:13)
  3 deep trolls
  2 shambling mangroves
  2 orc knights
  A phantasmal warrior (D:15)
  3 ugly things
  4 manticores
  9 elephants
  7 cyclopes
  A moth of wrath (shapeshifter) (D:15)
  3 black mambas
  3 centaur zombies
  2 gargoyles
  5 kobold demonologists
  21 spiny frogs
  7 rime drakes
  A freezing wraith (D:15)
  8 komodo dragons
  A yaktaur (D:15)
  2 queen bees
  21 trolls
  A jumping spider (shapeshifter) (D:14)
  2 tengu conjurers
  6 meliai
  3 polar bears
  17 slime creatures
  Prince Ribbit (D:6)
  10 bog bodies
  10 hornets
  17 blink frogs
  3 tyrant leeches
  11 dream sheep (Lair:5)
  9 hippogriffs
  A vampire (D:13)
  9 spriggans
  6 wyverns
  Sigmund (D:6)
  5 shadows
  A wraith (D:10)
  68 yaks
  Eustachio (D:6)
  9 basilisks
  Grum (Lair:1)
  3 fire elementals (D:15)
  3 hogs (D:15)
  A human (D:13)
  2 hungry ghosts
  35 vampire mosquitoes
  A steam dragon (Lair:3)
  9 wargs
  18 insubstantial wisps
  16 swamp worms
  16 water moccasins
  7 porcupines
  25 soldier ants
  An acid dragon (D:15)
  2 black bears
  4 hell hounds (D:15)
  13 swamp drakes
  30 orc warriors
  2 necrophages (D:11)
  2 eyes of draining
  7 ice beasts
  2 phantoms
  4 sky beasts
  A hornet zombie (D:15)
  32 ogres
  17 wolves
  7 centaurs
  16 crocodiles
  4 big kobolds
  21 bullfrogs
  A wyvern zombie (D:12)
  A water moccasin zombie (D:8)
  2 wyvern skeletons
  5 scorpions
  50 killer bees
  3 wights (D:12)
  2 electric eels (Lair:1)
  5 howler monkeys
  13 crimson imps
  9 hounds
  2 quasits (D:9)
  4 bullfrog zombies
  7 jellies
  4 bullfrog skeletons
  A gnoll shaman (D:9)
  18 orc priests
  7 centaur skeletons
  41 orc wizards
  9 iguanas
  Crazy Yiuf (D:2)
  Jessica (D:2)
  29 worker ants
  6 hell rats (Lair:2)
  A hound skeleton (D:4)
  A worker ant zombie (D:5)
  Robin (D:3)
  14 adders
  17 gnolls
  12 river rats (Lair:2)
  2 shadow imps
  An ooze (D:2)
  An adder skeleton (D:4)
  4 worms
  2 dart slugs (D:1)
  10 leopard geckos
  111 orcs
  2 ball pythons
  4 giant cockroaches
  24 goblins
  11 hobgoblins
  5 jackals (D:1)
  22 kobolds
  11 quokkas
  17 bats
  8 frilled lizards
  A giant cockroach zombie (D:5)
  A quokka zombie (D:5)
  18 rats
  A fungus (D:5)
  3 plants
1241 creatures vanquished.

Vanquished Creatures (others)
  2 hydras (Swamp:4)
  3 humans (D:15)
  A swamp drake (Swamp:4)
  3 orcs (D:15)
  31 fungi
  21 plants
61 creatures vanquished.

Grand Total: 1302 creatures vanquished

Notes
Turn   | Place    | Note
-------+----------+-------------------------------------------
     0 | D:1      | ReteAZ the Octopode Transmuter began the quest for the Orb.
     0 | D:1      | Reached XP level 1. HP: 13/13 MP: 3/3
   315 | D:1      | Reached XP level 2. HP: 16/18 MP: 5/5
   795 | D:1      | Reached XP level 3. HP: 13/23 MP: 6/6
  1625 | D:2      | Noticed Jessica
  1667 | D:2      | Reached skill level 4 in Unarmed Combat
  1953 | D:2      | Found an iron altar of Okawaru.
  2051 | D:2      | Reached XP level 4. HP: 26/28 MP: 7/7
  2397 | D:2      | Found a runed door.
  2401 | D:2      | Noticed Crazy Yiuf
  2410 | D:2      | Killed Crazy Yiuf
  2662 | D:2      | Killed Jessica
  2662 | D:2      | Reached XP level 5. HP: 15/33 MP: 8/8
  3171 | D:3      | Noticed Terence
  3173 | D:3      | Noticed Robin
  3531 | D:3      | Reached skill level 5 in Unarmed Combat
  3910 | D:3      | Noticed Grinder
  4195 | D:3      | Reached XP level 6. HP: 16/38 MP: 9/9
  4639 | D:3      | Killed Robin
  5185 | D:4      | Reached skill level 6 in Unarmed Combat
  5522 | D:5      | Entered Level 5 of the Dungeon
  5550 | D:5      | Reached XP level 7. HP: 45/45 MP: 8/10
  5571 | D:5      | Found an opulent altar of Gozag.
  6351 | D:5      | Reached skill level 5 in Dodging
  6486 | D:5      | Reached skill level 7 in Unarmed Combat
  6801 | D:5      | Found a staircase to the Ecumenical Temple.
  6835 | D:5      | Reached XP level 8. HP: 50/50 MP: 11/11
  6879 | Temple   | Entered the Ecumenical Temple
  7054 | Temple   | Became a worshipper of Cheibriados the Contemplative
  7073 | D:5      | Learned a level 3 spell: Spider Form
  7625 | D:5      | Reached skill level 8 in Unarmed Combat
  7941 | D:6      | Found a sand-covered staircase.
  7943 | D:6      | Noticed Eustachio
  7964 | D:6      | Killed Eustachio
  7964 | D:6      | Reached skill level 9 in Unarmed Combat
  7991 | D:6      | Reached skill level 5 in Transmutations
  7991 | D:6      | Reached XP level 9. HP: 54/54 MP: 9/12
  8046 | D:6      | Noticed Sigmund
  8058 | D:6      | Killed Sigmund
  8058 | D:6      | Reached * piety under Cheibriados
  8091 | D:6      | Noticed Prince Ribbit
  8111 | D:6      | Killed Prince Ribbit
  8308 | D:6      | Found a shimmering altar of Xom.
  8414 | D:6      | Found a bloodstained altar of Trog.
  8764 | D:6      | Reached skill level 10 in Unarmed Combat
  8914 | D:7      | Found Ciniet's Magic Scroll Emporium.
  9007 | D:7      | Found an iron altar of Okawaru.
  9137 | D:7      | Reached ** piety under Cheibriados
  9857 | D:7      | Reached XP level 10. HP: 42/60 MP: 17/17
 10346 | D:8      | Found a sparkling altar of Nemelex Xobeh.
 10391 | D:8      | Noticed a two-headed ogre
 10400 | D:8      | Killed a two-headed ogre
 10400 | D:8      | Reached *** piety under Cheibriados
 10715 | D:8      | Found a shimmering altar of Xom.
 11246 | D:8      | Noticed a two-headed ogre
 11252 | D:8      | Killed a two-headed ogre
 11524 | D:9      | Noticed a two-headed ogre
 11562 | D:9      | Noticed a two-headed ogre
 11576 | D:9      | Killed a two-headed ogre
 11576 | D:9      | Reached **** piety under Cheibriados
 11580 | D:9      | Noticed a two-headed ogre
 11586 | D:9      | Killed a two-headed ogre
 11586 | D:9      | Reached XP level 11. HP: 51/78 MP: 16/20
 11860 | D:9      | Reached skill level 1 in Invocations
 12038 | D:9      | Killed a two-headed ogre
 12038 | D:9      | Reached skill level 1 in Evocations
 12409 | D:9      | Found a burning altar of Makhleb.
 12568 | D:10     | Entered Level 10 of the Dungeon
 13117 | D:10     | Reached ***** piety under Cheibriados
 13479 | D:10     | Found a bloodstained altar of Trog.
 13914 | D:11     | Found Engaifad's Assorted Antiques.
 13925 | D:11     | Bought a scroll labeled AQOAGI GYBUC for 27 gold pieces
 13934 | D:11     | Found a labyrinth entrance.
 13943 | D:11     | Noticed SirMumm's ghost (journeyman GrWz)
 13944 | D:11     | Reached skill level 5 in Invocations
 13984 | D:11     | Noticed a manticore
 13987 | D:11     | HP: 4/80 [manticore/volley of spikes (20)]
 14002 | D:11     | HP: 2/80 [manticore (12)]
 14006 | D:11     | Killed a manticore
 14010 | D:11     | Killed SirMumm's ghost
 14038 | Lab      | Entered a labyrinth
 14830 | Lab      | Noticed a minotaur
 14839 | Lab      | HP: 4/80 [minotaur/pitted scythe {slice} (17)]
 14841 | Lab      | Killed a minotaur
 14841 | Lab      | Reached XP level 12. HP: 3/85 MP: 18/21
 14843 | Lab      | Got a shimmering pewter ring
 15197 | D:11     | Identified the ring "Ocvia" {AC+5 Str+2} (You took it off a minotaur in a labyrinth)
 15275 | D:11     | Noticed a two-headed ogre
 15285 | D:11     | Killed a two-headed ogre
 15285 | D:11     | Reached skill level 11 in Unarmed Combat
 15304 | D:11     | Noticed a two-headed ogre
 15311 | D:11     | Killed a two-headed ogre
 15320 | D:11     | Noticed a six-headed hydra
 15791 | D:11     | Found a staircase to the Lair.
 16049 | D:11     | Killed a six-headed hydra
 16085 | D:11     | Noticed a two-headed ogre
 16094 | D:11     | Killed a two-headed ogre
 16099 | D:11     | Bought a scroll of blinking for 202 gold pieces
 16273 | D:11     | Reached ****** piety under Cheibriados
 16351 | D:11     | Reached skill level 12 in Unarmed Combat
 16904 | D:11     | Noticed a sun demon
 16913 | D:11     | Noticed a soul eater
 16974 | Lair:1   | Entered Level 1 of the Lair of Beasts
 17118 | Lair:1   | Reached XP level 13. HP: 75/90 MP: 22/22
 17229 | Lair:1   | Noticed Grum
 17254 | Lair:1   | Killed Grum
 18378 | Lair:2   | Found a hole to the Spider Nest.
 18517 | Lair:2   | Found a staircase to the Swamp.
 19255 | Lair:2   | Reached skill level 13 in Unarmed Combat
 20398 | Lair:3   | Reached skill level 10 in Dodging
 21575 | Lair:4   | Reached XP level 14. HP: 81/97 MP: 19/23
 22163 | Lair:5   | Reached skill level 10 in Transmutations
 22180 | Lair:5   | Reached skill level 14 in Unarmed Combat
 22545 | Lair:5   | Found a staircase to the Slime Pits.
 23155 | Lair:5   | Noticed an entropy weaver
 23325 | Lair:5   | Reached skill level 15 in Unarmed Combat
 23437 | Lair:5   | Noticed an entropy weaver
 23442 | Lair:5   | Killed an entropy weaver
 23617 | Lair:5   | Killed an entropy weaver
 24751 | D:12     | Reached skill level 16 in Unarmed Combat
 25088 | D:12     | Found a staircase to the Orcish Mines.
 25129 | D:12     | Noticed Nergalle
 25136 | D:12     | Killed Nergalle
 25892 | D:12     | Reached XP level 15. HP: 48/101 MP: 24/24
 26168 | D:12     | Reached skill level 5 in Evocations
 27287 | Orc:1    | Entered Level 1 of the Orcish Mines
 27290 | Orc:1    | Noticed Gastronok
 27309 | Orc:1    | HP: 1/101 [Gastronok/the air (35)]
 27638 | Orc:1    | Killed Gastronok
 27638 | Orc:1    | Reached skill level 10 in Invocations
 28137 | Orc:2    | Entered Level 2 of the Orcish Mines
 30303 | Orc:2    | Found Heaqezoc's Gadget Boutique.
 30313 | Orc:2    | Found Xiss's Antique Weapon Boutique.
 30319 | Orc:2    | Found Xuvugeir's Antique Weapon Emporium.
 30528 | Orc:2    | Found Ecred's Distillery.
 30536 | Orc:2    | Bought a potion of heal wounds for 85 gold pieces
 30536 | Orc:2    | Bought a potion of agility for 68 gold pieces
 30931 | Orc:2    | Found a staircase to the Elven Halls.
 31733 | Lair:6   | Entered Level 6 of the Lair of Beasts
 31806 | Lair:6   | Reached skill level 17 in Unarmed Combat
 31808 | Lair:6   | Reached XP level 16. HP: 92/108 MP: 19/25
 35255 | D:13     | Found a gate to the Vaults.
 36372 | D:14     | Reached skill level 18 in Unarmed Combat
 37046 | D:14     | Identified a scroll of acquirement
 37477 | D:15     | Entered Level 15 of the Dungeon
 37516 | D:15     | Reached XP level 17. HP: 41/112 MP: 26/26
 37541 | D:15     | Found a staircase to the Depths.
 37797 | D:15     | Noticed Urug
 37809 | D:15     | Killed Urug
 37823 | D:15     | Noticed Kirke
 37834 | D:15     | Killed Kirke
 38382 | D:15     | Noticed Azrael
 38392 | D:15     | Killed Azrael
 38855 | D:15     | Reached skill level 1 in Shields
 39689 | Swamp:1  | Entered Level 1 of the Swamp
 39721 | Swamp:1  | Learned a level 5 spell: Blade Hands
 40408 | Swamp:1  | Noticed Roxanne
 40456 | Swamp:1  | Reached skill level 5 in Shields
 40623 | Swamp:1  | Got a translucent bronze ring
 40625 | Swamp:1  | Identified the ring of Zavaff {Ice rElec MP+9} (You acquired it on level 1 of the Swamp)
 40963 | Swamp:2  | Reached skill level 10 in Fighting
 41027 | Swamp:2  | Noticed Jorgrun
 41037 | Swamp:2  | Killed Jorgrun
 41967 | Swamp:2  | Reached XP level 18. HP: 122/122 MP: 27/27
 42341 | Swamp:4  | Entered Level 4 of the Swamp
 42883 | Swamp:4  | Noticed Mara
 42936 | Swamp:4  | Noticed Bai Suzhen
 43065 | Swamp:4  | HP: 1/124 [eight-headed hydra (9)]
 43065 | Swamp:4  | Demolished by an eight-headed hydra

Skill      XL: |  1  2  3  4  5  6  7  8  9 10 11 12 13 14 15 16 17 18 |
---------------+-------------------------------------------------------+-----
Unarmed Combat | 4 5 6 7 9 10 12 13 16 17 18 | 18.4
Dodging        | 3 4 5 8 10 13 14 | 14.3
Fighting       | 2 8 9 10 11 | 11.0
Transmutations | 3 5 7 9 10 | 10.5
Spellcasting   | 4 6 |  6.2
Invocations    | 7 8 12 | 12.2
Evocations     | 4 6 |  6.0
Shields        | 7 9 |  9.2

Action                   |  1- 3 |  4- 6 |  7- 9 | 10-12 | 13-15 | 16-18 || total
-------------------------+-------+-------+-------+-------+-------+-------++-------
Melee: Unarmed           |    79 |   163 |   306 |   491 |  1079 |   945 ||  3063
       Constrict         |    18 |    41 |    55 |    53 |   162 |   132 ||   461
       Tentacles         |    13 |    21 |    51 |   120 |   320 |   377 ||   902
       Punch             |       |     8 |    18 |    49 |   192 |   275 ||   542
       Kick              |       |     1 |    13 |     9 |       |       ||    23
Throw: Stone             |    48 |    78 |     4 |       |     3 |       ||   133
       Tomahawk          |       |     6 |     3 |       |    19 |       ||    28
       Javelin           |       |       |    25 |    44 |   117 |    44 ||   230
 Cast: Beastly Appendage |       |     1 |     6 |     1 |       |       ||     8
       Spider Form       |       |       |     5 |    15 |    14 |     1 ||    35
       Blade Hands       |       |       |       |       |       |     1 ||     1
Invok: Slouch            |       |       |       |       |    15 |     8 ||    23
       Temporal Distorti |       |       |       |       |     1 |       ||     1
       Step From Time    |       |       |       |       |     1 |       ||     1
Evoke: Wand              |       |       |     1 |    19 |    25 |    15 ||    60
  Use: Scroll            |       |     2 |     7 |     7 |    18 |    21 ||    55
       Potion            |       |       |     3 |     8 |     5 |     3 ||    19
 Stab: Sleeping          |       |     1 |     9 |     7 |    17 |     7 ||    41
       Distracted        |       |       |     1 |     3 |    10 |     7 ||    21
       Invisible         |       |       |       |       |     6 |     5 ||    11
  Eat: Chunk             |     3 |    11 |     9 |     7 |    18 |    14 ||    62
       Fruit             |       |       |     3 |     7 |    11 |     8 ||    29
Armor: Skin              |     2 |    10 |    22 |    50 |   119 |   112 ||   315
Dodge: Dodged            |    42 |    96 |   203 |   483 |  1140 |   996 ||  2960
Block: Buckler           |       |       |       |       |       |   183 ||   183
